 Dungeon Sprint DCSS version 0.29.1-15-g9cfb28693d (webtiles) character file.

Game seed: 2058997829567948570

5600000 Groucho the Intangible (level 22, -6/194 HPs)
             Began as a Djinni Warper on Apr 29, 2023.
             Was the Champion of Makhleb.
             Mangled by a meat berserker
             ... wielding a +9 battleaxe
              (81 damage)
             ... in the Dungeon (Sprint VIII: "Arena of Blood").
             The game lasted 00:03:35 (56 turns).

Groucho the Intangible (Djinni Warper)                Turns: 56, Time: 00:03:36

Health: -6/194     AC:  6    Str: 10    XL:     22   Next: 78%
Gold:   0          EV: 34    Int: 16    God:    Makhleb [******] SH:  0 Dex: 23

rFire   + + .      SeeInvis .   i - +∞ Axe of Woe
rCold   x . .      Faith    .   (shield currently unavailable)
rNeg    . . .      Spirit   .   b - +0 leather armour
rPois   ∞          Reflect  .   (no helmet)
rElec   .          Harm     .   (no cloak)
rCorr   .          Rampage  .   (no gloves)
Will    ++...      NoTele   +   (boots unavailable)
Stlth   +++++++...              (no amulet)
HPRegen 0.42/turn               j - +30 ring of slaying
MPRegen 0.00/turn               (no ring)

@: flying
A: sickness immunity, fire resistance 2, cold vulnerability 1, float, innate
caster, HP casting, extra vitality 1
a: Renounce Religion, Minor Destruction, Lesser Servant of Makhleb, Major
Destruction, Greater Servant of Makhleb


You were in the Dungeon.
You worshipped Makhleb.
Makhleb was exalted by your worship.
You visited 1 branch

Inventory:

Hand Weapons
 a - a +0 spear
 i - the +∞ Axe of Woe (weapon)
   (You found it in the Dungeon)
Missiles
 d - 7 boomerangs of dispersal (quivered)
Armour
 b - a +0 leather armour (worn)
Jewellery
 j - a +30 ring of slaying (left hand)
Scrolls
 c - 2 scrolls of blinking
Potions
 e - a potion of curing
 g - a potion of haste
 h - a potion of berserk rage


   Skills:
 O Level 27 Fighting
 O Level 27 Axes
 - Level 1.5(18.1) Polearms
 O Level 27 Throwing
 O Level 27 Armour
 O Level 27 Dodging
 * Level 16.2 Stealth
 + Level 12.7 Shields
 O Level 27 Spellcasting
 O Level 27 Invocations
 + Level 12.7 Evocations


You had 12 spell levels left.
You knew the following spells:

 Your Spells              Type           Power      Damage    Failure   Level
a - Blink                 Tloc           100%       N/A       0%          2
b - Lesser Beckoning      Tloc           82%        N/A       0%          3
c - Gell's Gravitas       Tloc           82%        N/A       0%          3
d - Teleport Other        Tloc           82%        N/A       0%          3
e - Manifold Assault      Tloc           82%        N/A       0%          5
f - Beastly Appendage     Tmut           100%       N/A       0%          1
g - Wereblood             Tmut           82%        N/A       0%          2
h - Tukima's Dance        Hex            82%        N/A       0%          3
i - Ice Form              Ice/Tmut       82%        N/A       0%          4
j - Freezing Cloud        Conj/Ice/Air   41%        6-21      0%          5
k - Summon Forest         Summ/Tloc      41%        N/A       0%          5
l - Conjure Ball Lightni  Conj/Air       41%        3x3d13    0%          6
m - Summon Hydra          Summ           41%        N/A       1%          7
n - Monstrous Menagerie   Summ           41%        N/A       1%          7
o - Orb of Destruction    Conj           41%        9d11      1%          7
Your spell library was empty.

Dungeon Overview and Level Annotations

Branches:
Dungeon (1/1)

Altars:
Makhleb


Innate Abilities, Weirdness & Mutations

You are immune to sickness and miasma.
You are immune to poison.
Your flesh is very heat resistant. (rF++)
You are vulnerable to cold. (rC-)
You float through the air rather than walking.
You learn spells naturally, not from books.
Your magical power is your life essence.
You have superior vitality. (+4 MHP)


Message History

You hear a shout! x3
The accursed gestures at you while chanting.
Something smites you!
You hear a shout!
The accursed gestures at you while chanting.
Something smites you!
You hear a shout! x3
A bag of meat comes into view. It is wielding a +9 war axe.
You hear a shout!
A bag of meat comes into view. It is wielding a +9 war axe.
Your Stealth skill gained 5 levels and is now at level 15!
Your Shields skill gained 4 levels and is now at level 12!
Your Evocations skill gained 4 levels and is now at level 12!
The bag of meat shouts!
You open the bag of meat like a pillowcase!!!
You pulverise the bag of meat into a thin bloody mist.
You kill the bag of meat!
Makhleb accepts your kill.
You feel better.
You hear a shout! x7
The accursed gestures at you while chanting.
Something smites you!
You hear two shouts!
You hear a shout!
Your Stealth skill increases to level 16!
Unknown command.
Unknown command.
The meat berserker appears out of thin air!
A meat berserker comes into view. It is wielding a +9 battleaxe.
You hear a shout!
The tyrant waves its bony arms in wide circles.
The air twists around and strikes you!!
You hear a shout!
The accursed casts a spell at you. Something smites you!
You hear a shout!
The meat berserker rages.
A large bag of meat comes into view. It is wielding a +9 giant spiked club.
You hear a shout!
The meat berserker hits you with a +9 battleaxe!!!!
You die...
Oo

.. M.... ..
#... .# . #...
..# ..###Oo.
..###.
......###......
...M..O_)......
#O.@).# #§)<)_#
#o))).#
...L._......
......###......
..###.O. ..###.
. #... ..# #.O.
..# ..oo. ..


You could see 2 accurseds, a tyrant (fast), 2 large bags of meat, 4 meat
berserkers and 3 bags of meat.

Vanquished Creatures
  4 vampire knights (D)
  14 ogres (D)
  3 two-headed ogres (D)
  A hydra (D)
  18 orcs (D)
  2 skeletal warriors (D)
42 creatures vanquished.

Notes
Turn   | Place    | Note
-------+----------+-------------------------------------------
     0 | D        | Found the +∞ Axe of Woe
     0 | D        | Groucho the Djinni Warper began the quest for the Orb.
     0 | D        | Groucho set off with the following spells memorised: Blink,
                  | Lesser Beckoning, Gell's Gravitas, Teleport Other, Manifold
                  | Assault.
     0 | D        | Reached XP level 1. HP: 18/18 MP: 0/0
     2 | D        | Noticed a bag of meat
     4 | D        | Became a worshipper of Makhleb the Destroyer
     4 | D        | Noticed a meat berserker
     6 | D        | Noticed a bag of meat
     7 | D        | Killed a meat berserker
     7 | D        | Noticed a bag of meat
     7 | D        | Noticed a bag of meat
     7 | D        | Noticed a meat berserker
     7 | D        | Noticed a bag of meat
     8 | D        | Reached XP level 2. HP: 23/23 MP: 0/0
     8 | D        | Reached XP level 3. HP: 28/28 MP: 0/0
     8 | D        | Learned a level 1 spell: Beastly Appendage
     8 | D        | Reached XP level 4. HP: 33/33 MP: 0/0
     8 | D        | Reached XP level 5. HP: 38/38 MP: 0/0
     8 | D        | Learned a level 2 spell: Wereblood
     8 | D        | Reached XP level 6. HP: 43/43 MP: 0/0
     8 | D        | Reached XP level 7. HP: 49/49 MP: 0/0
     8 | D        | Learned a level 3 spell: Tukima's Dance
     8 | D        | Reached XP level 8. HP: 54/54 MP: 0/0
     8 | D        | Reached XP level 9. HP: 58/58 MP: 0/0
     8 | D        | Learned a level 4 spell: Ice Form
     8 | D        | Reached XP level 10. HP: 64/64 MP: 0/0
     8 | D        | Reached XP level 11. HP: 68/68 MP: 0/0
     8 | D        | Learned a level 5 spell: Freezing Cloud
     8 | D        | Reached XP level 12. HP: 74/74 MP: 0/0
     8 | D        | Noticed a bag of meat
     8 | D        | Noticed a bag of meat
     9 | D        | Noticed a bag of meat
    10 | D        | Noticed a meat berserker
    10 | D        | Noticed a meat berserker
    11 | D        | Killed a bag of meat
    11 | D        | Reached * piety under Makhleb
    12 | D        | Reached XP level 13. HP: 78/78 MP: 0/0
    12 | D        | Learned a level 5 spell: Summon Forest
    12 | D        | Killed a meat berserker
    12 | D        | Killed a meat berserker
    12 | D        | Killed a bag of meat
    12 | D        | Reached ** piety under Makhleb
    12 | D        | Killed a bag of meat
    12 | D        | Noticed a bag of meat
    13 | D        | Reached skill level 27 in Axes
    13 | D        | Reached skill level 27 in Dodging
    13 | D        | Reached XP level 14. HP: 88/88 MP: 0/0
    13 | D        | Reached XP level 15. HP: 94/94 MP: 0/0
    13 | D        | Learned a level 6 spell: Conjure Ball Lightning
    14 | D        | Noticed a meat berserker
    15 | D        | Killed a meat berserker
    15 | D        | Reached *** piety under Makhleb
    16 | D        | Reached XP level 16. HP: 122/122 MP: 0/0
    16 | D        | Noticed a meat berserker
    17 | D        | Reached skill level 15 in Fighting
    20 | D        | Noticed a meat berserker
    20 | D        | Noticed a large bag of meat
    21 | D        | Killed a meat berserker
    21 | D        | Reached **** piety under Makhleb
    21 | D        | Noticed a meat berserker
    22 | D        | Reached skill level 15 in Spellcasting
    22 | D        | Reached XP level 17. HP: 109/143 MP: 0/0
    22 | D        | Learned a level 7 spell: Summon Hydra
    22 | D        | Killed a meat berserker
    22 | D        | Noticed a destroyer
    23 | D        | Reached skill level 10 in Armour
    23 | D        | Reached skill level 10 in Invocations
    25 | D        | Killed a destroyer
    25 | D        | Killed a meat berserker
    25 | D        | Reached ***** piety under Makhleb
    26 | D        | Reached XP level 18. HP: 159/159 MP: 0/0
    26 | D        | Killed a large bag of meat
    27 | D        | Reached XP level 19. HP: 157/169 MP: 0/0
    27 | D        | Learned a level 7 spell: Monstrous Menagerie
    27 | D        | Noticed a large bag of meat
    28 | D        | Killed a meat berserker
    30 | D        | Reached skill level 27 in Fighting
    30 | D        | Noticed a meat berserker
    30 | D        | Noticed a meat berserker
    31 | D        | Noticed a sculptor of flesh
    31 | D        | Noticed a meat berserker
    32 | D        | Killed a large bag of meat
    32 | D        | Noticed a meat berserker
    33 | D        | Reached XP level 20. HP: 165/181 MP: 0/0
    33 | D        | Killed a meat berserker
    33 | D        | Reached ****** piety under Makhleb
    33 | D        | Noticed a destroyer
    34 | D        | Killed a meat berserker
    36 | D        | Killed a destroyer
    36 | D        | Noticed a large bag of meat
    37 | D        | Reached skill level 27 in Armour
    37 | D        | Reached skill level 27 in Invocations
    37 | D        | Killed a meat berserker
    38 | D        | Reached skill level 27 in Spellcasting
    38 | D        | Reached XP level 21. HP: 187/187 MP: 0/0
    38 | D        | Learned a level 7 spell: Orb of Destruction
    38 | D        | Noticed an eight-headed meat hydra
    39 | D        | Killed a meat berserker
    40 | D        | Reached skill level 15 in Throwing
    42 | D        | Killed a large bag of meat
    42 | D        | Noticed a meat berserker
    44 | D        | Noticed a meat berserker
    47 | D        | Noticed a destroyer
    48 | D        | Noticed an accursed
    49 | D        | Noticed a destroyer
    50 | D        | Reached XP level 22. HP: 40/194 MP: 0/0
    50 | D        | Killed a meat berserker
    50 | D        | Noticed a meat berserker
    51 | D        | Noticed a tyrant
    51 | D        | Noticed an accursed
    51 | D        | Noticed a meat berserker
    52 | D        | Killed a meat berserker
    52 | D        | Killed a nine-headed meat hydra
    52 | D        | Killed a destroyer
    53 | D        | Reached skill level 27 in Throwing
    53 | D        | Reached skill level 10 in Stealth
    54 | D        | Noticed a meat berserker
    54 | D        | Noticed a meat berserker
    54 | D        | Killed a destroyer
    55 | D        | Reached skill level 15 in Stealth
    56 | D        | Noticed a large bag of meat
    56 | D        | Mangled by a meat berserker

Illustrated notes

Levels and vault maps discovered:
D:        meatsprint

Skill      XL: |  1  2  3  4  5  6  7  8  9 10 11 12 13 14 15 16 17 18 19 20 21 22 |
---------------+-------------------------------------------------------------------+-----
Axes           | 17 19 27 | 27.0
Dodging        | 22 24 27 | 27.0
Fighting       | 3 13 19 23 25 27 | 27.0
Spellcasting   | 3 11 15 19 20 22 27 | 27.0
Armour         | 7 16 18 23 27 | 27.0
Invocations    | 7 16 18 23 27 | 27.0
Throwing       | 9 24 27 | 27.0
Stealth        | 16 | 16.2
Shields        | 12 | 12.7
Evocations     | 12 | 12.7
Polearms       | |  1.5

Action                   |  1- 3 |  4- 6 |  7- 9 | 10-12 | 13-15 | 16-18 | 19-21 | 22-24 || total
-------------------------+-------+-------+-------+-------+-------+-------+-------+-------++-------
Melee: Executioner's axe |     1 |       |       |     1 |     3 |     8 |    16 |     4 ||    33
 Cast: Summon Hydra      |       |       |       |       |       |       |     1 |       ||     1
  Use: Potion            |       |       |       |       |       |       |       |     1 ||     1
